 Dungeon Crawl Stone Soup version 0.30-a0-263-ge22c4ad894 (webtiles) character file.

Game seed: 9099828766492373455

56 Anon1729 the Trooper (level 3, 0/29 HPs)
             Began as a Mummy Monk on Oct 14, 2022.
             Slain by a gnoll
             ... wielding a +0 morningstar
              (3 damage)
             ... on level 2 of the Dungeon.
             The game lasted 00:02:01 (1230 turns).

Anon1729 the Trooper (Mummy Monk)                   Turns: 1230, Time: 00:02:01

Health: 0/29       AC:  6    Str: 16    XL:     3   Next: 69%
Magic:  3/3        EV: 12    Int:  9    God:
Gold:   63         SH:  0    Dex: 14    Spells: 2/2 levels left

rFire   x . .      SeeInvis .    a - +0 spear
rCold   + . .      Faith    +    (no shield)
rNeg    + + +      Spirit   .    b - +0 robe
rPois   ∞          Reflect  .    (no helmet)
rElec   .          Harm     .    (no cloak)
rCorr   .          Rampage  .    (no gloves)
Will    .....                    (no boots)
Stlth   ++........               (no amulet)
HPRegen 0.24/turn                c - +4 ring of protection
MPRegen 0.08/turn                (no ring)

@: no status effects
A: cold resistance 1, negative energy resistance 3, torment resistance 2, heat
vulnerability 1, in touch with death 1, no potions, faith
a: no special abilities


You were on level 2 of the Dungeon.
You visited 1 branch of the dungeon, and saw 2 of its levels.

You collected 63 gold pieces.

Inventory:

Hand Weapons
 a - a +0 spear (weapon)
Armour
 b - a +0 robe (worn)
Jewellery
 c - a +4 ring of protection (left hand)
Scrolls
 d - a scroll of identify
 e - a scroll of enchant weapon


   Skills:
 + Level 3.6 Fighting
 - Level 2.4(2.6) Polearms
 + Level 1.2(2.1) Staves
 + Level 1.2 Armour
 - Level 2.4 Dodging
 - Level 1.6 Stealth


You had 2 spell levels left.
You didn't know any spells.
Your spell library contained the following spells:

 Spells                   Type           Power      Damage    Failure   Level
 Dazzling Flash           Conj/Hex       0%         N/A       77%         3
 Agony                    Necr           0%         N/A       100%        5
 Silence                  Hex/Air        0%         N/A       100%        5


Dungeon Overview and Level Annotations

Branches:
Dungeon (2/15)

Altars:

Shops:
D:1 [


Innate Abilities, Weirdness & Mutations

You are immune to poison.
Your flesh is cold resistant. (rC+)
You are immune to negative energy. (rN+++)
You are immune to unholy pain and torment.
You are vulnerable to heat. (rF-)
You are in touch with the powers of death.
You do not drink.
You have a special connection with the divine. (Faith)


Message History

Ouch! That really hurt!
* * * LOW HITPOINT WARNING * * *
You are too injured to fight recklessly!
You are too injured to fight recklessly!
You are too injured to fight recklessly!
You are too injured to fight recklessly!
You are too injured to fight recklessly!
You are too injured to fight recklessly!
You are too injured to fight recklessly!
You are too injured to fight recklessly!
You are too injured to fight recklessly!
You are too injured to fight recklessly!
You are too injured to fight recklessly!
You are too injured to fight recklessly!
You are too injured to fight recklessly!
You are too injured to fight recklessly!
You are too injured to fight recklessly!
c - a +4 ring of protection (left hand)
The gnoll closely misses you. The gnoll misses you.
As you read the scroll labelled WIKOFI ELUBROV, it crumbles to dust.
It is a scroll of identify.
e - a scroll of enchant weapon The gnoll hits you but does no damage.
The gnoll hits you with a +0 morningstar.
* * * LOW HITPOINT WARNING * * *
Okay, then.
You can't drink.
Unknown command.
The gnoll attacks as you move away! The gnoll hits you but does no damage.
The gnoll attacks as you move away!
The gnoll hits you with a +0 morningstar.
* * * LOW HITPOINT WARNING * * *
The gnoll attacks as you move away! The gnoll hits you but does no damage.
The gnoll attacks as you move away!
The gnoll hits you with a +0 morningstar.
* * * LOW HITPOINT WARNING * * *
The gnoll attacks as you move away! The gnoll barely misses you.
The gnoll attacks as you move away!
The gnoll hits you with a +0 morningstar.
You die...

#.#.#.#..........# ##
##.#>#.#.####...#<# .#######
#..⌠.⌠.#.# #......### .#......
#........####..†..... ....# #.#
#.._.⌠.........##.### .#..# #.#
#.....########.#### .#..### #.#
#....⌠# #.# .g....# #.# #.##.##
##'## ##..#.# #.# #...@# ##...##
#..#.# #.# ####g# ##.....##
##..#.###.# ###.## ##.......##
..........####....####.........##
......)....g.........+......!..+.
#...#.########....####.........##
##.##.# #.#.######...)...###
####.# #.......###.....## # #.#
#..####.# ##...## #


You could see a gnoll.

Vanquished Creatures
  An adder (D:2)
  3 dart slugs
  2 ball pythons
  2 endoplasms (D:1)
  4 giant cockroaches
  5 goblins (D:1)
  2 hobgoblins (D:1)
  5 jackals (D:1)
  2 kobolds (D:1)
  3 quokkas
  2 bats (D:1)
  3 rats
34 creatures vanquished.

Notes
Turn   | Place    | Note
-------+----------+-------------------------------------------
     0 | D:1      | Anon1729 the Mummy Monk began the quest for the Orb.
     0 | D:1      | Reached XP level 1. HP: 18/18 MP: 1/1
    81 | D:1      | Reached XP level 2. HP: 7/24 MP: 2/2
   222 | D:1      | Found Ywollal's Armour Boutique.
   397 | D:1      | Gained mutation: You are in touch with the powers of death.
                  | [Mummy growth]
   397 | D:1      | Reached XP level 3. HP: 29/29 MP: 3/3
   467 | D:1      | Reached skill level 1 in Staves
   467 | D:1      | Reached skill level 1 in Armour
  1103 | D:2      | Found a faded altar of an unknown god.
  1205 | D:2      | HP: 1/29 [gnoll/+0 morningstar (5)]
  1214 | D:2      | HP: 1/29 [gnoll/+0 morningstar (2)]
  1223 | D:2      | HP: 1/29 [gnoll/+0 morningstar (2)]
  1230 | D:2      | Slain by a gnoll

Illustrated notes

Levels and vault maps discovered:
D:1:      dpeg_arrival_chambers_temple_mockup, layout_basic, serial_shops,
          nicolae_shop_waterfront, minmay_cupped
D:2:      layout_loops_corners, hellmonk_ecumenical_altar_run_dry

Skill      XL: |  1  2  3 |
---------------+----------+-----
Staves         | 1 |  1.2
Armour         | 1 |  1.2
Fighting       | |  3.6
Polearms       | |  2.4
Dodging        | |  2.4
Stealth        | |  1.6

Action                   || total
-------------------------++-------
Melee: Spear             ||   138
       Punch             ||     2
  Use: Scroll            ||     1
 Stab: Sleeping          ||     5
Armor: Robe              ||    29
Dodge: Dodged            ||    94

Table legend: (Time is in decaauts)
 A = Elapsed time spent in this place.
 B = Non-inter-level travel time spent in this place.
 C = Inter-level travel time spent in this place.
 D = Time resting spent in this place.
 E = Time spent auto-exploring this place.
 F = Levels seen in this place.
 G = Mean time per level.
                   A        B        C        D        E       F      G
               +--------+--------+--------+--------+--------+-----+--------+
         Total |   1226 |   1185 |     41 |      0 |    902 |   2 |  613.0 |
       Dungeon |   1226 |   1185 |     41 |      0 |    902 |   2 |  613.0 |
               +--------+--------+--------+--------+--------+-----+--------+

Top non-repeatable levels by time:
     D:1: 1007 daAuts
     D:2: 219 daAuts
